 Dungeon Crawl Stone Soup version 0.29-a0-872-g797fff5ad1 (webtiles) character file.

Game seed: 3418376129302960966

43 Kazon the Covered (level 3, -1/31 HPs)
             Began as a Demigod Fighter on July 18, 2022.
             Frozen to death by an endoplasm (2 damage)
             ... on level 2 of the Dungeon.
             The game lasted 00:04:38 (1076 turns).

Kazon the Covered (Demigod Fighter)                 Turns: 1076, Time: 00:04:39

Health: -1/31      AC:  6    Str: 21    XL:     3   Next: 20%
Magic:  5/5        EV:  9    Int: 10    God:
Gold:   67         SH:  0    Dex: 13    Spells: 2/2 levels left

rFire   . . .      SeeInvis .   a - +0 long sword
rCold   . . .      Faith    .   i - orb {*Rage}
rNeg    . . .      Spirit   .   b - +0 scale mail
rPois   .          Reflect  .   (no helmet)
rElec   .          Harm     .   (no cloak)
rCorr   .          Rampage  .   (no gloves)
Will    .....      Rage     20% (no boots)
Stlth   ..........              (no amulet)
HPRegen 0.10/turn               (no ring)
MPRegen 0.09/turn               (no ring)

@: brilliant, on berserk cooldown, attractive
A: high MP 1, forlorn, divine attributes, devolution 1
a: no special abilities


You were on level 2 of the Dungeon.
You visited 1 branch of the dungeon, and saw 2 of its levels.

You collected 67 gold pieces.

Inventory:

Hand Weapons
 a - a +0 long sword (weapon)
Missiles
 f - 5 boomerangs (quivered)
 p - 6 poisoned darts
Armour
 b - a +0 scale mail (worn)
 c - a +0 buckler
 i - an orb of wrath (worn)
Scrolls
 h - a scroll of vulnerability {unknown}
 k - 2 scrolls of teleportation {unknown}
 l - a scroll of identify {unknown}
 m - a scroll of enchant weapon {unknown}
 q - a scroll of blinking {unknown}
Potions
 d - a potion of might
 e - a potion of attraction


   Skills:
 + Level 3.1 Fighting
 + Level 2.1 Long Blades
 + Level 3.2 Armour
 + Level 0.2 Dodging
 + Level 2.8 Shields


You had 2 spell levels left.
You didn't know any spells.
Your spell library contained the following spells:

 Spells                   Type           Power      Damage    Failure   Level
 Confusing Touch          Hex            0%         N/A       97%         3
 Yara's Violent Unravell  Hex/Tmut       0%         3d3       100%        5
 Enfeeble                 Hex            0%         N/A       100%        7


Dungeon Overview and Level Annotations

Branches:
Dungeon (2/15)


Innate Abilities, Weirdness & Mutations

You have an increased reservoir of magic. (+10% MP)
You shall have no god before yourself.
Your divine heritage dramatically boosts your attributes as you level up.
You have hidden genetic defects.


Message History

The kobold hits you with a +0 dagger.
* * * LOW HITPOINT WARNING * * *
It was a potion of attraction.
You feel attractive to monsters. The quokka barely misses you.
The kobold barely misses you.
The quokka bites you but does no damage.
It was a potion of curing.
You feel better. The kobold hits you but does no damage. The quokka bites you.
* * * LOW HITPOINT WARNING * * *
The kobold hits you with a +0 dagger.
* * * LOW HITPOINT WARNING * * *
The quokka barely misses you.
It was a potion of mutation.
You feel extremely strange.
You feel a hidden malignance growing inside you.
The quokka bites you but does no damage.
The kobold hits you but does no damage.
It was a potion of brilliance.
You feel clever all of a sudden.
You feel yourself speed up.
The quokka bites you but does no damage.
The kobold barely misses you.
The quokka bites you but does no damage.
The kobold closely misses you.
You hit the kobold.
You kill the kobold!
The quokka bites you but does no damage. x2
You closely miss the quokka. The endoplasm freezes you.
You are frozen.
* * * LOW HITPOINT WARNING * * *
The quokka bites you but does no damage.
You hit the quokka.
The quokka is moderately wounded.
The quokka misses you. The endoplasm freezes you.
You are frozen.
* * * LOW HITPOINT WARNING * * *
The quokka closely misses you. The endoplasm freezes you.
You are frozen.
You die...

#.....
##########......
.?...............
.................
.................
.................
..................
........Jr# ..
.........@# ..#
.......†..####..###
.............#.##..
##..###.##.........#
#. #.............. #
####.............
...............#
...............###
......[...........


You could see an endoplasm and a quokka.

Vanquished Creatures
  2 adders (D:2)
  A dart slug (D:1)
  2 ball pythons (D:1)
  A bat (D:1)
  2 endoplasms (D:1)
  A giant cockroach (D:1)
  2 goblins (D:1)
  A hobgoblin (D:1)
  2 quokkas (D:2)
  2 frilled lizards
  5 kobolds
21 creatures vanquished.

Notes
Turn   | Place    | Note
-------+----------+-------------------------------------------
     0 | D:1      | Kazon the Demigod Fighter began the quest for the Orb.
     0 | D:1      | Reached XP level 1. HP: 18/18 MP: 3/3
   312 | D:1      | Reached XP level 2. HP: 25/25 MP: 4/4
  1051 | D:2      | Reached XP level 3. HP: 31/31 MP: 5/5
  1069 | D:2      | HP: 1/31 [kobold/+0 dagger (1)]
  1072 | D:2      | Gained mutation: You have hidden genetic defects. [potion
                  | of mutation]
  1076 | D:2      | HP: 1/31 [frozen (2)]
  1076 | D:2      | Frozen to death by an endoplasm

Illustrated notes

Levels and vault maps discovered:
D:1:      sevenhm_arrival_forest_fort_small_4, layout_basic,
          basic_ecumenical_altar
D:2:      layout_rooms, st_stairs_14

Skill      XL: |  1  2 |
---------------+-------+-----
Fighting       | 3 |  3.1
Armour         | 3 |  3.2
Long Blades    | 2 |  2.1
Dodging        | |  0.2
Shields        | |  2.8

Action                   || total
-------------------------++-------
Melee: Long sword        ||    83
Throw: Stone             ||     9
  Use: Potion            ||     4
Armor: Scale mail        ||    53
Dodge: Dodged            ||    53
Block: Buckler           ||     5

Table legend: (Time is in decaauts)
 A = Elapsed time spent in this place.
 B = Non-inter-level travel time spent in this place.
 C = Inter-level travel time spent in this place.
 D = Time resting spent in this place.
 E = Time spent auto-exploring this place.
 F = Levels seen in this place.
 G = Mean time per level.
                   A        B        C        D        E       F      G
               +--------+--------+--------+--------+--------+-----+--------+
         Total |   1150 |   1126 |     24 |      0 |    522 |   2 |  575.0 |
       Dungeon |   1150 |   1126 |     24 |      0 |    522 |   2 |  575.0 |
               +--------+--------+--------+--------+--------+-----+--------+

Top non-repeatable levels by time:
     D:1: 980 daAuts
     D:2: 169 daAuts
